 Dungeon Crawl Stone Soup version 0.29-a0-872-g797fff5ad1 (webtiles) character file.

Game seed: 2205178891594666665

346 ragingrage the Chucker (level 6, -3/44 HPs)
             Began as a Gnoll Wanderer on July 18, 2022.
             Slain by an iguana (11 damage)
             ... on level 4 of the Dungeon.
             The game lasted 00:03:45 (3649 turns).

ragingrage the Chucker (Gnoll Wanderer)             Turns: 3649, Time: 00:03:46

Health: -3/44      AC:  2    Str: 12    XL:     6   Next: 59%
Magic:  10/11      EV: 13    Int: 10    God:
Gold:   266        SH:  0    Dex: 14    Spells: 10/12 levels left

rFire   + . .      SeeInvis .   a - +2 dagger
rCold   + . .      Faith    .   (no shield)
rNeg    . . .      Spirit   .   e - +0 robe
rPois   .          Reflect  .   (no helmet)
rElec   .          Harm     .   g - scarf {rC+ rF+}
rCorr   .          Rampage  .   (no gloves)
Will    .....                   (no boots)
Stlth   +++.......              (no amulet)
HPRegen 0.14/turn               (no ring)
MPRegen 0.12/turn               (no ring)

@: wereblooded
A: fangs 1, strong nose, distributed training
a: no special abilities


You were on level 4 of the Dungeon.
You visited 1 branch of the dungeon, and saw 4 of its levels.

You collected 266 gold pieces.

Inventory:

Hand Weapons
 a - a +2 dagger (weapon)
 f - a +0 whip of pain
 t - a +0 war axe
Missiles
 b - 3 curare-tipped darts (quivered)
 k - 2 poisoned darts
Armour
 e - a +0 robe (worn)
 g - a scarf of resistance (worn)
Wands
 r - a wand of flame (13)
Scrolls
 c - a scroll of vulnerability {unknown}
 i - 4 scrolls of amnesia {unknown}
 l - a scroll of torment {unknown}
 m - 3 scrolls of identify {unknown}
 n - a scroll of acquirement {unknown}
 o - 2 scrolls of teleportation {unknown}
 q - a scroll of immolation {unknown}
 s - a scroll of fog {unknown}
Potions
 d - a potion of attraction
 h - a potion of lignification {unknown}
 j - 3 potions of might {unknown}
 p - a potion of heal wounds {unknown}


   Skills:
 + Level 2.1 Fighting
 + Level 2.1 Short Blades
 + Level 2.1 Long Blades
 + Level 2.1 Axes
 + Level 2.1 Maces & Flails
 + Level 2.1 Polearms
 + Level 2.1 Staves
 + Level 2.1 Ranged Weapons
 + Level 6.9 Throwing
 + Level 2.1 Armour
 + Level 3.3 Dodging
 + Level 4.7 Stealth
 + Level 2.1 Shields
 + Level 2.1 Unarmed Combat
 + Level 3.5 Spellcasting
 + Level 1.6 Conjurations
 + Level 1.6 Hexes
 + Level 1.6 Summonings
 + Level 1.6 Necromancy
 + Level 1.6 Translocations
 + Level 5.7 Transmutations
 + Level 1.6 Fire Magic
 + Level 1.6 Ice Magic
 + Level 1.6 Air Magic
 + Level 1.6 Earth Magic
 + Level 1.6 Poison Magic
 + Level 2.3 Invocations
 + Level 2.1 Evocations


You had 10 spell levels left.
You knew the following spells:

 Your Spells              Type           Power      Damage    Failure   Level
a - Wereblood             Tmut           13%        N/A       3%          2

Your spell library contained the following spells:

 Spells                   Type           Power      Damage    Failure   Level
 Passwall                 Tmut/Erth      7%         N/A       9%          2
 Freeze                   Ice            20%        1d4       14%         1
 Frozen Ramparts          Ice            10%        1d3       38%         3
 Hailstorm                Conj/Ice       5%         3d4       80%         4


Dungeon Overview and Level Annotations

Branches:
Dungeon (4/15)
 Temple: D:4-7

Altars:
Qazlal

Annotations:
D:4 jimonade's ghost, amateur DEHu


Innate Abilities, Weirdness & Mutations

You have very sharp teeth.
Your uncanny sense of smell can sniff out nearby items.
Your experience applies equally to all skills.


Message History

You hit the iguana. Your bite misses the iguana.
The iguana is moderately wounded.
The iguana bites you.
You hit the iguana but do no damage.
The iguana is moderately wounded.
The iguana bites you.
You hit the iguana.
The iguana is moderately wounded.
The iguana barely misses you.
You closely miss the iguana. Your bite misses the iguana.
The iguana is moderately wounded.
The iguana barely misses you.
You barely miss the iguana.
The iguana is moderately wounded.
The iguana barely misses you.
You hit the iguana but do no damage.
The iguana is moderately wounded.
The iguana bites you!
You are too injured to fight recklessly!
You hit the iguana but do no damage.
The iguana is moderately wounded.
The iguana bites you!
You hit the iguana but do no damage.
The iguana is moderately wounded.
The iguana closely misses you.
You hit the iguana but do no damage.
The iguana is moderately wounded.
The iguana bites you!
* * * LOW HITPOINT WARNING * * *
You hit the iguana but do no damage. Your bite misses the iguana.
The iguana is moderately wounded.
Throw: 4 darts (curare)
Press: ? - help, Q - select action, (/) - cycle Shift-Dir - straight line, f - iguana
Aim: an iguana (moderately wounded, 66% to hit)
You throw a curare-tipped dart. The curare-tipped dart hits the iguana.
The iguana is poisoned.
The iguana convulses.
The iguana seems to slow down.
The iguana is severely wounded.
The iguana bites you!
You die...

..... .... #...
#.. ### #.! .. #.#
.. #l# .### # #@#
....##
#.#######.##.....#
...........#Z....#
...........#Z..W.$
....)...#.##.#...$
... ..........# .#
..##...
..........# #
#.... #.######..#
.###... ##.##
..... ##...#


You could see an iguana (very poisoned, slow).

Vanquished Creatures
  Sigmund (D:2)
  A hound (D:3)
  An orc wizard (D:3)
  4 adders
  3 worms
  2 dart slugs
  8 orcs
  7 bats
  7 endoplasms
  4 giant cockroaches
  8 goblins
  4 hobgoblins
  3 quokkas
  8 ball pythons
  3 frilled lizards
  10 kobolds
  5 rats
  A spectral kobold (D:3)
80 creatures vanquished.

Notes
Turn   | Place    | Note
-------+----------+-------------------------------------------
     0 | D:1      | ragingrage the Gnoll Wanderer began the quest for the Orb.
     0 | D:1      | ragingrage set off with the following items: a +2 dagger, 4
                  | curare-tipped darts, a +0 cloak, a potion of attraction, a
                  | +0 robe; and the following spells available to memorise:
                  | Wereblood, Passwall.
     0 | D:1      | Reached XP level 1. HP: 13/13 MP: 4/4
   349 | D:1      | Reached XP level 2. HP: 17/19 MP: 5/5
   428 | D:1      | Learned a level 2 spell: Wereblood
   959 | D:1      | Reached XP level 3. HP: 25/25 MP: 4/7
  1284 | D:2      | Noticed Sigmund
  1298 | D:2      | Killed Sigmund
  1299 | D:2      | Reached skill level 1 in Fighting
  1299 | D:2      | Reached skill level 1 in Short Blades
  1299 | D:2      | Reached skill level 1 in Long Blades
  1299 | D:2      | Reached skill level 1 in Axes
  1299 | D:2      | Reached skill level 1 in Maces & Flails
  1299 | D:2      | Reached skill level 1 in Polearms
  1299 | D:2      | Reached skill level 1 in Staves
  1299 | D:2      | Reached skill level 1 in Ranged Weapons
  1299 | D:2      | Reached skill level 1 in Armour
  1299 | D:2      | Reached skill level 1 in Shields
  1299 | D:2      | Reached skill level 1 in Unarmed Combat
  1299 | D:2      | Reached skill level 1 in Conjurations
  1299 | D:2      | Reached skill level 1 in Hexes
  1299 | D:2      | Reached skill level 1 in Summonings
  1299 | D:2      | Reached skill level 1 in Necromancy
  1299 | D:2      | Reached skill level 1 in Translocations
  1299 | D:2      | Reached skill level 1 in Fire Magic
  1299 | D:2      | Reached skill level 1 in Ice Magic
  1299 | D:2      | Reached skill level 1 in Air Magic
  1299 | D:2      | Reached skill level 1 in Earth Magic
  1299 | D:2      | Reached skill level 1 in Poison Magic
  1299 | D:2      | Reached skill level 1 in Invocations
  1299 | D:2      | Reached skill level 1 in Evocations
  1299 | D:2      | Reached XP level 4. HP: 18/33 MP: 8/8
  1299 | D:2      | Reached XP level 5. HP: 21/38 MP: 9/9
  1784 | D:2      | Reached XP level 6. HP: 39/44 MP: 11/11
  2630 | D:3      | Found a stormy altar of Qazlal.
  2742 | D:3      | Found a faded altar of an unknown god.
  3631 | D:4      | Noticed jimonade's ghost (amateur DEHu)
  3649 | D:4      | Slain by an iguana

Illustrated notes

Levels and vault maps discovered:
D:1:      dpeg_arrival_ternary, layout_loops_ring, minmay_misc_feat_x,
          minmay_curled_crystal, kennysheep_decorative_pillar,
          minmay_hexomino_c4
D:2:      layout_basic, minmay_split_cup_small, uniq_sigmund
D:3:      layout_rooms, mainiacjoe_overflow_boulevard,
          dreamdust_ecumenical_altar_drowned_temple
D:4:      layout_basic, gammafunk_ghost_icy

Skill      XL: |  1  2  3  4  5  6 |
---------------+-------------------+-----
Fighting       | 1 2 |  2.1
Short Blades   | 1 2 |  2.1
Long Blades    | 1 2 |  2.1
Axes           | 1 2 |  2.1
Maces & Flails | 1 2 |  2.1
Polearms       | 1 2 |  2.1
Staves         | 1 2 |  2.1
Ranged Weapons | 1 2 |  2.1
Armour         | 1 2 |  2.1
Dodging        | 3 |  3.3
Shields        | 1 2 |  2.1
Unarmed Combat | 1 2 |  2.1
Spellcasting   | 3 |  3.5
Conjurations   | 1 |  1.6
Hexes          | 1 |  1.6
Summonings     | 1 |  1.6
Necromancy     | 1 |  1.6
Translocations | 1 |  1.6
Fire Magic     | 1 |  1.6
Ice Magic      | 1 |  1.6
Air Magic      | 1 |  1.6
Earth Magic    | 1 |  1.6
Poison Magic   | 1 |  1.6
Invocations    | 1 2 |  2.3
Evocations     | 1 2 |  2.1
Throwing       | |  6.9
Stealth        | |  4.7
Transmutations | |  5.7

Action                   |  1- 3 |  4- 6 || total
-------------------------+-------+-------++-------
Melee: Dagger            |   100 |   205 ||   305
       Bite              |     7 |    21 ||    28
       Punch             |       |     5 ||     5
Throw: Dart              |     2 |     1 ||     3
 Cast: Wereblood         |     5 |    11 ||    16
 Stab: Sleeping          |     5 |     5 ||    10
       Distracted        |       |     2 ||     2
Armor: Robe              |    18 |    32 ||    50
Dodge: Dodged            |    69 |   125 ||   194

Table legend: (Time is in decaauts)
 A = Elapsed time spent in this place.
 B = Non-inter-level travel time spent in this place.
 C = Inter-level travel time spent in this place.
 D = Time resting spent in this place.
 E = Time spent auto-exploring this place.
 F = Levels seen in this place.
 G = Mean time per level.
                   A        B        C        D        E       F      G
               +--------+--------+--------+--------+--------+-----+--------+
         Total |   3631 |   3584 |     47 |    786 |   2106 |   4 |  907.8 |
       Dungeon |   3631 |   3584 |     47 |    786 |   2106 |   4 |  907.8 |
               +--------+--------+--------+--------+--------+-----+--------+

Top non-repeatable levels by time:
     D:1: 1278 daAuts
     D:2: 1259 daAuts
     D:3: 1048 daAuts
     D:4: 45 daAuts
